 Dungeon Crawl Stone Soup version 0.22-a0-456-g11ed031 (webtiles) character file.

3528 pk666 the Thaumaturge (level 9, -5/45 HPs)
             Began as a Deep Elf Fire Elementalist on June 7, 2018.
             Was a Believer of Vehumet.
             Slain by a death yak (14 damage)
             ... on level 9 of the Dungeon.
             The game lasted 00:24:37 (8541 turns).

pk666 the Thaumaturge (Deep Elf Fire Elementalist)  Turns: 8541, Time: 00:24:38

Health: -5/45      AC:  5    Str: 10    XL:     9   Next: 82%
Magic:  23/25      EV: 13    Int: 27    God:    Vehumet [**....]
Gold:   298        SH:  0    Dex: 15    Spells: 16/29 levels left

rFire    . . .     SeeInvis .   (no weapon)
rCold    . . .     Gourm    .   (no shield)
rNeg     . . .     Faith    .   a - +0 robe
rPois    .         Spirit   .   l - +2 hat {Int+3}
rElec    .         Reflect  .   (no cloak)
rCorr    .         Harm     .   (no gloves)
MR       .....                  u - +0 pair of boots
Stlth    +++.......             (no amulet)
HPRegen  0.15/turn              p - ring of flight
MPRegen  0.19/turn              y - ring of stealth

@: mighty
A: no striking features
a: Renounce Religion, Evoke Flight


You were on level 9 of the Dungeon.
You worshipped Vehumet.
Vehumet was pleased with you.
You were not hungry.

You visited 2 branches of the dungeon, and saw 10 of its levels.
You also visited: Sewer.

You collected 298 gold pieces.

Inventory:

Armour
 a - a +0 robe (worn)
 l - a +2 hat of intelligence (worn)
 u - a +0 pair of boots (worn)
Jewellery
 m - an uncursed ring of poison resistance {unknown}
 p - a ring of flight (left hand)
 y - a ring of stealth (right hand)
Wands
 b - a wand of iceblast (1)
 E - a wand of digging (8)
Scrolls
 e - a scroll of summoning {unknown}
 f - 10 scrolls of identify
 g - 2 scrolls of immolation
 n - 5 scrolls of remove curse
 o - 3 scrolls of magic mapping
 q - a scroll of noise {unknown}
 r - a scroll of fog {unknown}
 s - 2 scrolls of enchant weapon
 t - a scroll of random uselessness {unknown}
 v - 3 scrolls of teleportation
 x - 2 scrolls of blinking
 A - a scroll of silence {unknown}
 H - a scroll of vulnerability {unknown}
 I - a scroll of fear
Potions
 d - 3 potions of haste {unknown}
 h - 2 potions of degeneration {unknown}
 i - 7 potions of curing {unknown}
 j - a potion of agility {unknown}
 k - 3 potions of might
 w - 3 potions of brilliance {unknown}
 z - 2 potions of lignification {unknown}
 B - a potion of heal wounds {unknown}
 C - 2 potions of flight {unknown}
 D - a potion of cancellation {unknown}
 F - a potion of ambrosia {unknown}
Comestibles
 c - 14 rations
 G - a chunk of flesh


   Skills:
 - Level 2.4 Dodging
 - Level 2.4 Stealth
 + Level 10.7 Spellcasting
 + Level 9.3 Conjurations
 + Level 9.3 Fire Magic


You had 16 spell levels left.
You knew the following spells:

 Your Spells              Type           Power        Failure   Level  Hunger
a - Flame Tongue          Conj/Fire      #####        1%          1    None
b - Sticky Flame          Conj/Fire      ######..     1%          4    None
c - Conjure Flame         Conj/Fire      ######..     1%          3    None
z - Fireball              Conj/Fire      ######....   2%          5    ###....

Your spell library contained the following spells:

 Spells                   Type           Power        Failure   Level  Hunger
 Throw Flame              Conj/Fire      ######       1%          2    None
 Inner Flame              Hex/Fire       #####...     1%          3    None


Dungeon Overview and Level Annotations

Branches:
Dungeon (9/15)             Temple (1/1) D:5            Lair (0/6) D:9
    Orc: D:9-12

Altars:
Cheibriados
Dithmenos
Elyvilon
Fedhas
Hepliaklqana
Kikubaaqudgha
Makhleb
Okawaru
Qazlal
Sif Muna
Uskayaw
Vehumet
Wu Jian
Yredelemnul
Zin

Shops:
D:8 (


Message History

Casting: Flame Tongue (safe; 1% risk of failure)
Confirm with . or Enter, or press ? or * to list all spells.
Aiming: Conjure Flame (safe; 1% risk of failure)
Press: ? - help, Dir - move target cursor The fire ignites!
Okay, then.
The death yak is engulfed in blazing flames.
The death yak gores you.
The death yak is engulfed in blazing flames.
The death yak closely misses you.
The death yak is engulfed in blazing flames.
The death yak gores you!!
The death yak is engulfed in blazing flames.
The death yak gores you!
* * * LOW HITPOINT WARNING * * *
It was a potion of might.
You feel very mighty all of a sudden.
The death yak is engulfed in blazing flames.
The death yak gores you!
You die...

....... > ...
....... . ...
......#.#..
......#..
####+#....Y.
#........YY ..
#....#...#
...##....###Y+##
........@YY...#
.##....##Y...#
..########'########
.......#....##.<..#
.......'..........#
##.....#....##....#
+.....#....##....#
#.....#....##....#
#.....#..........#


You could see 4 death yaks.

Vanquished Creatures
  Pikel (D:6)
  A spriggan (D:8)
  A wyvern (D:8)
  Menkaure (D:7)
  Purgy (Sewer)
  2 orc warriors
  3 sky beasts
  2 black bears (D:6)
  2 ice beasts
  A phantom (D:6)
  An ogre (D:5)
  A centaur (D:8)
  3 bullfrogs
  3 wights (D:8)
  A howler monkey (D:6)
  3 jellies
  5 crimson imps
  A centaur zombie (D:7)
  A gnoll shaman (D:8)
  2 orc priests
  2 hounds
  Natasha (thrice) (D:2)
  Terence (D:2)
  6 orc wizards
  7 worker ants
  A hound skeleton (D:8)
  8 adders
  4 gnolls (D:8)
  A shadow imp (D:9)
  3 oozes (D:1)
  An adder skeleton (D:5)
  2 worms (D:5)
  2 dart slugs
  5 leopard geckos
  23 orcs
  A ball python (D:8)
  5 giant cockroaches
  4 goblins
  7 hobgoblins
  4 quokkas
  10 bats
  12 frilled lizards
  10 kobolds
  5 rats (D:1)
163 creatures vanquished.

Vanquished Creatures (others)
  3 slaves (D:6)
  An ogre (D:6)
  An orc (D:6)
5 creatures vanquished.

Grand Total: 168 creatures vanquished

Notes
Turn   | Place    | Note
-------+----------+-------------------------------------------
     0 | D:1      | pk666 the Deep Elf Fire Elementalist began the quest for the Orb.
     0 | D:1      | Reached XP level 1. HP: 10/10 MP: 6/6
   220 | D:1      | Reached XP level 2. HP: 15/15 MP: 4/8
   654 | D:1      | Reached XP level 3. HP: 19/19 MP: 8/10
  1122 | D:2      | Noticed Terence
  1136 | D:2      | Killed Terence
  1136 | D:2      | Reached XP level 4. HP: 24/24 MP: 0/11
  1298 | D:2      | Reached skill level 4 in Spellcasting
  1345 | D:2      | Learned a level 4 spell: Sticky Flame
  1349 | D:2      | Learned a level 3 spell: Conjure Flame
  1514 | D:2      | Noticed Natasha
  1521 | D:2      | Killed Natasha
  1742 | D:2      | Noticed Natasha
  1746 | D:2      | Killed Natasha
  1746 | D:2      | Reached XP level 5. HP: 28/28 MP: 10/13
  1805 | D:2      | Noticed Natasha
  1815 | D:2      | Killed Natasha
  3279 | D:4      | Reached XP level 6. HP: 29/32 MP: 9/15
  3412 | D:4      | Reached skill level 5 in Spellcasting
  3635 | D:5      | Entered Level 5 of the Dungeon
  3645 | D:5      | Found a glowing silver altar of Zin.
  3669 | D:6      | Reached skill level 5 in Fire Magic
  3686 | D:6      | Noticed an orc warrior
  3716 | D:6      | Noticed an ice beast
  3761 | D:6      | Reached skill level 5 in Conjurations
  3762 | D:6      | Reached skill level 6 in Spellcasting
  3762 | D:6      | Reached XP level 7. HP: 12/36 MP: 9/18
  4099 | D:5      | Found a glowing drain.
  4130 | Sewer    | Entered a sewer
  4194 | Sewer    | Noticed Purgy
  4200 | Sewer    | Killed Purgy
  4403 | D:5      | Found a staircase to the Ecumenical Temple.
  4415 | Temple   | Entered the Ecumenical Temple
  4422 | Temple   | Became a worshipper of Vehumet
  4549 | D:5      | Learned a level 5 spell: Fireball
  4695 | D:5      | Reached skill level 7 in Spellcasting
  4928 | D:6      | Reached XP level 8. HP: 41/41 MP: 20/20
  5186 | D:6      | Noticed Pikel
  5197 | D:6      | Killed Pikel
  5197 | D:6      | Reached skill level 8 in Spellcasting
  5720 | D:6      | Found a deep blue altar of Sif Muna.
  5960 | D:7      | Reached skill level 9 in Spellcasting
  6138 | D:7      | Noticed Menkaure
  6164 | D:7      | Reached XP level 9. HP: 45/45 MP: 17/24
  6214 | D:7      | Killed Menkaure
  6444 | D:7      | Reached * piety under Vehumet
  6444 | D:7      | Offered knowledge of Sandblast by Vehumet.
  6537 | D:7      | Found a burning altar of Makhleb.
  7371 | D:8      | Reached skill level 10 in Spellcasting
  7425 | D:8      | Found Nehadyng's Weapon Shoppe.
  7795 | D:8      | Reached ** piety under Vehumet
  7795 | D:8      | Offered knowledge of Magic Dart by Vehumet.
  8530 | D:9      | Noticed a death yak
  8531 | D:9      | Found a staircase to the Lair.
  8531 | D:9      | Noticed a death yak
  8531 | D:9      | Noticed a death yak
  8531 | D:9      | Noticed a death yak
  8541 | D:9      | Slain by a death yak

Vault maps used:
D:1:      sevenhm_arrival_forest_fort_large_4
D:2:      uniq_natasha, uniq_terence
D:3:      first_ration, feat_on_display
D:4:      kennysheep_generic_room_15
D:5:      nicolae_overflow_hidden_temple, minmay_temple_entry_statues_pillars,
          cheibrodos_sewer_entry_bend
D:6:      lemuel_blue_sif_altar, uniq_pikel
D:7:      basic_altar, minivault_26, uniq_menkaure
D:8:      serial_shops, shop, the_bakery
D:9:      dpeg_lair_monsters
Temple:   grunt_wide_crystal_templ
Sewer:    kennysheep_door_sewer

Skill      XL: |  1  2  3  4  5  6  7  8  9 |
---------------+----------------------------+-----
Conjurations   | 2 3 4 5 6 7 9 |  9.3
Spellcasting   | 4 6 7 9 10 | 10.7
Fire Magic     | 4 5 6 7 9 |  9.3
Dodging        | |  2.4
Stealth        | |  2.4

Action                   |  1- 3 |  4- 6 |  7- 9 || total
-------------------------+-------+-------+-------++-------
Melee: Unarmed           |       |       |     2 ||     2
 Cast: Flame Tongue      |    53 |   109 |   212 ||   374
       Conjure Flame     |       |     1 |    20 ||    21
       Fireball          |       |       |    13 ||    13
       Sticky Flame      |       |       |     2 ||     2
Evoke: Wand              |       |       |     7 ||     7
  Use: Scroll            |       |    10 |       ||    10
       Potion            |       |       |     2 ||     2
  Eat: Chunk             |       |     8 |    13 ||    21
       Ration            |       |       |     1 ||     1
Armor: Robe              |     1 |     6 |    11 ||    18
Dodge: Dodged            |    10 |    32 |    35 ||    77

Table legend:
 A = Spawn XP
 B = Non-spawn XP
 C = Spawn XP percentage of total XP
 D = Spawn monster count
 E = Non-spawn monster count
 F = Spawn count percentage of total count
 G = Total turns spent on level
                    A         B        C        D         E        F      G
               +---------+---------+-------+---------+---------+-------+---------
         Total |       0 |    5041 |   0.0 |       0 |     164 |   0.0 |  8541
               +---------+---------+-------+---------+---------+-------+---------
           D:1 |       0 |      62 |   0.0 |       0 |      29 |   0.0 |  1122
           D:2 |       0 |     203 |   0.0 |       0 |      20 |   0.0 |   953
           D:3 |       0 |      51 |   0.0 |       0 |      18 |   0.0 |   792
           D:4 |       0 |     116 |   0.0 |       0 |       8 |   0.0 |   994
           D:5 |       0 |     272 |   0.0 |       0 |       7 |   0.0 |   695
           D:6 |       0 |    1791 |   0.0 |       0 |      20 |   0.0 |  1110
           D:7 |       0 |     786 |   0.0 |       0 |      20 |   0.0 |  1479
           D:8 |       0 |    1605 |   0.0 |       0 |      35 |   0.0 |  1177
           D:9 |       0 |      11 |   0.0 |       0 |       1 |   0.0 |    36
         Sewer |       0 |     144 |   0.0 |       0 |       6 |   0.0 |   170
               +---------+---------+-------+---------+---------+-------+---------
